 Dungeon Crawl Stone Soup version 0.22.0-49-gab54619 (webtiles) character file.

13009371 dvd the Annihilator (level 27, 157/157 HPs)
             Began as a Deep Elf Conjurer on Sept 4, 2018.
             Was the Champion of Vehumet.
             Escaped with the Orb
             ... and 14 runes on Sept 8, 2018!
             The game lasted 17:12:35 (107633 turns).

dvd the Annihilator (Deep Elf Conjurer)           Turns: 107633, Time: 17:12:35

Health: 157/157    AC: 29    Str: 12    XL:     27
Magic:  42/56      EV: 23    Int: 46    God:    Vehumet [******]
Gold:   10234      SH: 28    Dex: 16    Spells: 0/80 levels left

rFire    + + +     SeeInvis +   a - +3 Elemental Staff {rElec rF++ rC++ MR++ AC+5}
rCold    + + +     Gourm    .   t - +8 large shield {reflect}
rNeg     . . .     Faith    .   o - +8 troll leather armour "Joeh Gio" {MR+ Regen+ rCorr}
rPois    +         Spirit   .   G - +2 hat {Int+3}
rElec    +         Reflect  +   J - scarf {cloud immunity}
rCorr    +         Harm     .   h - +2 pair of gloves {Str+3}
MR       +++++     Rnd*Rage +   C - +2 pair of boots of the Original Sin {rF++ rC+ Int+4} Stlth ++........Rnd*Tele +
                                S - amulet of magic regeneration
HPRegen  0.76/turn              n - ring "Qeuleges" {Dex+3 SInv}
MPRegen  0.60/turn              H - ring "Rixualet" {rPois Str+4 Int+5}

@: deflect missiles
A: molten scales 2, berserk 1, clumsy 1, fire resistance 1, poison resistance,
screaming 2, teleportitis 2, subdued magic 2
0: Orb of Zot
}: 14/15 runes: barnacled, slimy, silver, iron, obsidian, icy, bone, abyssal,
demonic, glowing, magical, fiery, dark, gossamer
a: Renounce Religion


You escaped.
You worshipped Vehumet.
Vehumet was exalted by your worship.
You were not hungry.

You visited 16 branches of the dungeon, and saw 85 of its levels.
You visited Pandemonium 1 time, and saw 18 of its levels.
You visited the Abyss 4 times.
You visited 1 bazaar.
You also visited: Sewer, Ice Cave and Wizlab.

You collected 13099 gold pieces.
You spent 2865 gold pieces at shops.

Inventory:

Hand Weapons
 a - the +3 Elemental Staff (weapon) {rElec rF++ rC++ MR++ AC+5}
   (You found it on level 5 of the Pits of Slime)

   It affects your AC (+5).
   It greatly protects you from fire.
   It greatly protects you from cold.
   It insulates you from electricity.
   It affects your resistance to hostile enchantments.
 l - the +9 long sword of Eternal Vigilance {slice, rC+ Str+4}
   (You took it off a balrug in Pandemonium)

   It inflicts extra damage upon your enemies.
   It affects your strength (+4).
   It protects you from cold.
 I - the +6 sword of Cerebov {flame}
   (You took it off Cerebov in Pandemonium)

   It has been specially enchanted to burn those struck by it, causing extra
   injury to most foes and up to half again as much damage against particularly
   susceptible opponents.
   Big, fiery blades are also staple armaments of hydra-hunters.
 L - the +9 falchion "Didozace" {pain, *Noise rN++ Int+8 Dex+4}
   (You found it on level 2 of the Lair of Beasts)

   In the hands of one skilled in necromantic magic, it inflicts extra damage on
   living creatures.
   It affects your intelligence (+8).
   It affects your dexterity (+4).
   It greatly protects you from negative energy.
   It may make noises in combat.
 Q - the +4 staff of Dispater
   (You took it off Dispater on level 7 of the Iron City of Dis)
Armour
 h - a +2 pair of gloves of strength (worn)
 o - the +8 troll leather armour "Joeh Gio" (worn) {MR+ Regen+ rCorr}
   (You bought it in a shop on level 2 of the Orcish Mines)

   It affects your resistance to hostile enchantments.
   It increases your rate of regeneration.
   It provides partial protection from all sources of acid and corrosion.
 t - a +8 large shield of reflection (worn)
 C - the +2 pair of boots of the Original Sin (worn) {rF++ rC+ Int+4}
   (You found it in Pandemonium)

   It affects your intelligence (+4).
   It greatly protects you from fire.
   It protects you from cold.
 G - a +2 hat of intelligence (worn)
 J - a scarf of cloud immunity (worn)
 V - the +2 hat "Giacaone" {rElec rPois MR-}
   (You acquired it on level 1 of the Crypt)

   It insulates you from electricity.
   It protects you from poison.
   It affects your resistance to hostile enchantments.
Magical Staves
 B - an uncursed staff of conjuration
Jewellery
 k - the ring of Phasing {EV+8}
   (You found it on level 5 of the Pits of Slime)

   [ring of evasion]

   It affects your evasion (+8).
 n - the ring "Qeuleges" (left hand) {Dex+3 SInv}
   (You found it in Pandemonium)

   [ring of see invisible]

   It affects your dexterity (+3).
   It lets you see invisible.
 v - the ring of Rowokyng {Wiz MR+ Str+4}
   (You found it on level 7 of Cocytus)

   [ring of wizardry]

   It improves your spell success rate.
   It affects your strength (+4).
   It affects your resistance to hostile enchantments.
 w - the ring "Nowyhyen" {+Fly rC- Int+8 Dex+6}
   (You found it on level 4 of the Abyss)

   [ring of flight]

   It affects your intelligence (+8).
   It affects your dexterity (+6).
   It makes you vulnerable to cold.
   It lets you fly.
 z - the ring of Haojyhur {rCorr +Inv rN+ MR+ Dex-2}
   (You found it on level 7 of Tartarus)

   [ring of resist corrosion]

   It affects your dexterity (-2).
   It protects you from negative energy.
   It affects your resistance to hostile enchantments.
   It lets you turn invisible.
 H - the ring "Rixualet" (right hand) {rPois Str+4 Int+5}
   (You found it on level 7 of Gehenna)

   [ring of strength]

   It affects your strength (+4).
   It affects your intelligence (+5).
   It protects you from poison.
 S - an amulet of magic regeneration (around neck)
Wands
 u - a wand of iceblast (69)
 E - a wand of flame (301)
 F - a wand of acid (46)
 M - a wand of digging (49)
 T - a wand of disintegration (70)
 W - a wand of paralysis (85)
 Y - a wand of random effects (70)
 Z - a wand of clouds (8)
Scrolls
 b - 2 scrolls of identify
 d - 12 scrolls of immolation
 e - 4 scrolls of amnesia
 f - 3 scrolls of magic mapping
 g - 26 scrolls of remove curse
 x - 13 scrolls of fog
 y - 9 scrolls of teleportation
 K - 7 scrolls of blinking
 N - 10 scrolls of fear
 R - 3 scrolls of summoning
 U - 7 scrolls of enchant armour
Potions
 i - 8 potions of might
 j - 8 potions of agility
 m - 15 potions of curing
 p - 4 potions of heal wounds
 r - 2 potions of resistance
 A - 5 potions of brilliance
 O - 15 potions of flight
 P - 4 potions of haste
 X - a potion of cancellation
Miscellaneous
 s - a crystal ball of energy
Comestibles
 c - 98 rations


   Skills:
 * Level 12.2 Fighting
 + Level 8.6 Long Blades
 - Level 12.0 Staves
 + Level 6.5 Armour
 + Level 17.2 Dodging
 - Level 13.4 Stealth
 + Level 18.8 Shields
 O Level 27 Spellcasting
 O Level 27 Conjurations
 + Level 12.7 Hexes
 + Level 18.2 Charms
 + Level 7.7 Summonings
 + Level 19.1 Necromancy
 + Level 16.8 Translocations
 + Level 9.2 Transmutations
 + Level 24.6 Fire Magic
 + Level 22.8 Ice Magic
 * Level 16.9 Air Magic
 + Level 19.4 Earth Magic
 + Level 11.6 Poison Magic
 * Level 16.4 Evocations


You couldn't memorise any spells.
You knew the following spells:

 Your Spells              Type           Power        Failure   Level  Hunger
a - Fire Storm            Conj/Fire      ########..   1%          9    None
b - Blink                 Tloc           N/A          0%          2    None
c - Chain Lightning       Conj/Air       ########..   1%          8    None
d - Glaciate              Conj/Ice       ########..   1%          9    None
e - Force Lance           Conj/Tloc      ########     0%          4    None
f - Sublimation of Blood  Necr           #######...   0%          2    None
g - Irradiate             Conj/Tmut      #######...   0%          5    None
h - Yara's Violent Unrav  Hex/Tmut       #######...   1%          5    None
i - Deflect Missiles      Chrm/Air       #######...   0%          6    None
j - Aura of Abjuration    Summ           ######....   1%          5    None
k - Regeneration          Chrm/Necr      #######...   0%          3    None
l - Poison Arrow          Conj/Pois      #######...   0%          6    None
m - Ignition              Fire           ########..   1%          8    None
p - Lehudib's Crystal Sp  Conj/Erth      ########..   1%          8    None

Your spell library contained the following spells:

 Spells                   Type           Power        Failure   Level  Hunger
 Tornado                  Air            #######...   12%         9    None
 Animate Skeleton         Necr           N/A          0%          1    None
 Apportation              Tloc           ######       0%          1    None
 Beastly Appendage        Tmut           ######       0%          1    None
 Confusing Touch          Hex            ######       0%          1    None
 Corona                   Hex            #######      0%          1    None
 Flame Tongue             Conj/Fire      #####        0%          1    None
 Freeze                   Ice            ####         0%          1    None
 Infusion                 Chrm           ####         0%          1    None
 Magic Dart               Conj           ####         0%          1    None
 Pain                     Necr           ####         0%          1    None
 Sandblast                Erth           ######       0%          1    None
 Shock                    Conj/Air       ####         0%          1    None
 Sting                    Conj/Pois      ####         0%          1    None
 Summon Butterflies       Summ           ######..     0%          1    None
 Summon Small Mammal      Summ           ####         0%          1    None
 Call Imp                 Summ           ######..     0%          2    None
 Corpse Rot               Necr           N/A          0%          2    None
 Ensorcelled Hibernation  Hex/Ice        ######       0%          2    None
 Passwall                 Tmut/Erth      #######.     0%          2    None
 Poisonous Vapours        Pois/Air       ######       0%          2    None
 Searing Ray              Conj           ######       0%          2    None
 Shroud of Golubria       Chrm/Tloc      #######...   0%          2    None
 Slow                     Hex            #######.     0%          2    None
 Song of Slaying          Chrm           #######.     0%          2    None
 Sticks to Snakes         Tmut           #######.     0%          2    None
 Swiftness                Chrm/Air       #######.     0%          2    None
 Throw Flame              Conj/Fire      ######       0%          2    None
 Throw Frost              Conj/Ice       ######       0%          2    None
 Call Canine Familiar     Summ           ######..     0%          3    None
 Confuse                  Hex            #######.     0%          3    None
 Conjure Flame            Conj/Fire      ########     0%          3    None
 Dazzling Spray           Conj/Hex       ######       0%          3    None
 Gell's Gravitas          Tloc           #######...   0%          3    None
 Ignite Poison            Fire/Tmut/Pois #######.     0%          3    None
 Inner Flame              Hex/Fire       #######.     0%          3    None
 Lesser Beckoning         Tloc           #######...   0%          3    None
 Mephitic Cloud           Conj/Pois/Air  #######.     0%          3    None
 Ozocubu's Armour         Chrm/Ice       ########     0%          3    None
 Portal Projectile        Hex/Tloc       ######       0%          3    None
 Recall                   Summ/Tloc      N/A          0%          3    None
 Spectral Weapon          Hex/Chrm       #######.     0%          3    None
 Spider Form              Tmut/Pois      #######...   0%          3    None
 Static Discharge         Conj/Air       ########     0%          3    None
 Stone Arrow              Conj/Erth      ######       0%          3    None
 Summon Guardian Golem    Hex/Summ       #######.     0%          3    None
 Teleport Other           Tloc           #######.     0%          3    None
 Tukima's Dance           Hex            #######.     0%          3    None
 Vampiric Draining        Necr           #######...   0%          3    None
 Airstrike                Air            #######...   0%          4    None
 Animate Dead             Necr           N/A          0%          4    None
 Cause Fear               Hex            #######...   0%          4    None
 Fulminant Prism          Conj/Hex       ########..   0%          4    None
 Ice Form                 Ice/Tmut       #######.     0%          4    None
 Iskenderun's Mystic Bla  Conj           ########     0%          4    None
 Leda's Liquefaction      Hex/Erth       #######...   0%          4    None
 Olgreb's Toxic Radiance  Pois           #######.     0%          4    None
 Petrify                  Tmut/Erth      #######.     0%          4    None
 Sticky Flame             Conj/Fire      ########     0%          4    None
 Summon Ice Beast         Ice/Summ       #######.     0%          4    None
 Summon Lightning Spire   Summ/Air       #######.     0%          4    None
 Throw Icicle             Conj/Ice       ########     0%          4    None
 Bolt of Draining         Conj/Necr      ########..   0%          5    None
 Bolt of Magma            Conj/Fire/Erth ########..   0%          5    None
 Borgnjor's Vile Clutch   Necr/Erth      #######...   0%          5    None
 Dispel Undead            Necr           #######.     0%          5    None
 Excruciating Wounds      Chrm/Necr      #######...   0%          5    None
 Fireball                 Conj/Fire      ########..   0%          5    None
 Iskenderun's Battlesphe  Conj/Chrm      ########     0%          5    None
 Lee's Rapid Deconstruct  Erth           ########..   0%          5    None
 Lightning Bolt           Conj/Air       ########..   0%          5    None
 Silence                  Hex/Air        #######...   0%          5    None
 Venom Bolt               Conj/Pois      #######...   0%          5    None
 Bolt of Fire             Conj/Fire      ########..   0%          6    None
 Conjure Ball Lightning   Conj/Air       ########..   0%          6    None
 Freezing Cloud           Conj/Ice/Air   ########..   0%          6    None
 Iron Shot                Conj/Erth      ########..   0%          6    None
 Orb of Destruction       Conj           ########..   0%          7    None
 Ring of Flames           Chrm/Fire      ########..   0%          7    None
 Alistair's Intoxication  Tmut/Pois      #######.     1%          5    None
 Blade Hands              Tmut           #######...   1%          5    None
 Summon Demon             Summ           ######....   1%          5    None
 Summon Forest            Summ/Tloc      #######...   1%          5    None
 Summon Mana Viper        Hex/Summ       #######.     1%          5    None
 Darkness                 Hex            #######...   1%          6    None
 Hydra Form               Tmut           #######...   1%          6    None
 Invisibility             Hex            #######.     1%          6    None
 Shadow Creatures         Summ           N/A          1%          6    None
 Statue Form              Tmut/Erth      #######..    1%          6    None
 Malign Gateway           Summ/Tloc      #######...   1%          7    None
 Spellforged Servitor     Conj/Summ      #######...   1%          7    None
 Borgnjor's Revivificati  Necr           #######...   1%          8    None
 Controlled Blink         Tloc           N/A          1%          8    None
 Disjunction              Tloc           #######...   1%          8    None
 Shatter                  Erth           ########..   4%          9    None
 Dragon Form              Tmut           #######...   7%          7    None
 Monstrous Menagerie      Summ           ######....   14%         7    None
 Summon Greater Demon     Summ           ######....   14%         7    None
 Summon Hydra             Summ           ######....   14%         7    None
 Discord                  Hex            #######...   14%         8    None
 Summon Horrible Things   Summ           ######....   78%         8    None
 Dragon's Call            Summ           ######....   100%        9    None
 Passage of Golubria      Tloc           Unusable     N/A         4    N/A

Dungeon Overview and Level Annotations

Branches:
Dungeon (15/15)            Temple (0/1) D:7            Lair (6/6) D:11
 Shoals (4/4) Lair:4       Spider (4/4) Lair:4        Slime (5/5) Lair:5
    Orc (2/2) D:11            Elf (3/3) Orc:2        Vaults (5/5) D:13
  Crypt (3/3) Vaults:2       Tomb (0/3) Crypt:3      Depths (5/5) D:15
   Hell (1/1)                 Dis (7/7) Hell            Geh (7/7) Hell
    Coc (7/7) Hell            Tar (7/7) Hell            Zot (5/5) Depths:5

Altars:
Ashenzari
Dithmenos
Kikubaaqudgha
Makhleb
Nemelex Xobeh
Okawaru
Trog
Uskayaw
Vehumet
Wu Jian
Xom
Yredelemnul
Zin
Beogh
Jiyva
Lugonu

Shops:
D:8 [!   D:11 =   Orc:1 %   Orc:2 *([[   Elf:1 ?   Elf:3 }(   Shoals:1 =
Shoals:2 (   Shoals:3 ?   Vaults:2 [   Zot:2 *   Depths:1 =}=

Portals:
Hell: Depths:1 Depths:2 Depths:3 Depths:4 Depths:5
Abyss: Depths:2 Depths:4 Depths:5
Pandemonium: Depths:1 Depths:3
Ziggurat: Depths:4


Innate Abilities, Weirdness & Mutations

You are mostly covered in molten scales. (AC +3)
You tend to lose your temper in combat.
You are clumsy. (Dex -2)
Your flesh is heat resistant. (rF+)
Your system is resistant to poisons. (rPois)
You sometimes yell uncontrollably at your foes.
You are sometimes teleported next to monsters.
Your spells are easier to cast, but less powerful.


Message History

The soul eater is engulfed in freezing vapours.
The soul eater misses you.
You closely miss the soul eater.
The soul eater is severely wounded.
You hit the soul eater but do no damage.
You burn the soul eater.
The soul eater is almost dead.
The soul eater is engulfed in freezing vapours.
You kill the soul eater!
Unknown command.
(D) Dungeon (T) Temple (L) Lair (A) Shoals (N) Spider Nest (M) Slime Pits (O) Orcish Mines (E) Elven Halls (V) Vaults (C) Crypt (W) Tomb (U) Depths (H) Hell (I) Dis (G) Gehenna (X) Cocytus (Y) Tartarus (Z) Zot
Where to? (Enter - D:1 @ (x,y), ? - help)
There is an open door here.
There is a staircase leading out of the dungeon here.
Unknown command.
You have escaped!

.....######....(..######..#.#
)....# #.......'(......#.# ####.#
#.......##.###.##.# #.#
##########.###.##.# #.#
#..##..#.#
#(###############..###.#.##
####.........##...##..##.....#
.........###.##...##..##..#..#
.........# #.##.@.##..##..#..#
.........# #.##...##..##..#..#
.......(.# #.##...##..##..#..####
.........###.###'###).##........)
####.(....##.###.###......#######
...'......##.........⌠.........#
.###......##............######.#
.# #......##.#####.###### #.# .#
#......##.#####'#### #.#


There were no monsters in sight!

Vanquished Creatures
  Cerebov (Pan)
  Asmodeus (Geh:7)
  Antaeus (Coc:7)
  the Royal Jelly (Slime:5)
  Ereshkigal (Tar:7)
  Dissolution (Slime:3)
  Gloorx Vloq (Pan)
  the Serpent of Hell (Geh:7)
  Lom Lobon (Pan)
  Mnoleg (Pan)
  Dispater (Dis:7)
  5 orbs of fire
  6 ancient liches
  Mennas (Pan)
  16 pandemonium lords
  2 shard shrikes (Coc:7)
  Margery (Depths:3)
  Saint Roka (Elf:2)
  2 Killer Klowns (Zot:5)
  3 curse toes
  Nikola (Depths:3)
  the Enchantress (Depths:3)
  Geryon (Hell)
  14 golden dragons
  Arachne (Spider:3)
  17 bone dragons
  A profane servitor (Crypt:3)
  9 doom hounds
  5 electric golems
  43 Tzitzimimeh
  5 iron giants
  23 Brimstone Fiends
  18 liches
  22 tentacled monstrosities
  15 Ice Fiends
  11 Hell Sentinels
  24 Orb Guardians (Zot:5)
  21 acid blobs
  5 deep elf blademasters
  6 titans
  The ghost of Ajyxzof the Slayer, an adept MiBe of Trog (Spider:3)
  12 quicksilver dragons
  A deep elf master archer (Elf:3)
  34 Executioners
  Murray (Hell)
  4 tengu reavers
  6 sphinxes
  9 tentacled starspawn
  6 death cobs
  Gastronok (Lair:1)
  2 thorn hunters (Depths:3)
  8 ancient champions
  3 eldritch tentacles
  Roxanne (Shoals:1)
  4 draconian monks
  Agnes (D:14)
  23 shadow dragons
  22 storm dragons
  2 revenants
  18 azure jellies
  6 deep elf sorcerers
  13 frost giants
  3 draconian scorchers
  20 fire giants
  2 daevas
  5 draconian knights
  13 vault wardens
  30 cacodemons
  5 orc warlords
  17 black suns (Pan)
  3 draconian shifters
  7 iron dragons
  2 corrupters (Pan)
  12 ghost moths
  10 warmongers (Pan)
  The ghost of Ymberto the Eclecticist, an adept DEFE of Sif Muna (Shoals:4)
  3 emperor scorpions (Spider:4)
  7 draconian stormcallers
  The ghost of troglodite the Blocker, a journeyman DsBe of Trog (Shoals:2)
  8 draconian annihilators
  A juggernaut zombie (Crypt:2)
  6 deep elf elementalists (Elf:3)
  45 balrugs
  An angel (WizLab)
  An elemental wellspring (Coc:7)
  55 very ugly things
  2 spriggan defenders (Depths:3)
  76 reapers
  4 curse skulls
  13 ironheart preservers
  9 war gargoyles
  11 blood saints (Pan)
  7 entropy weavers
  23 stone giants
  10 ghouls
  11 vampire knights
  3 deep elf demonologists (Elf:3)
  16 yellow draconians
  Nessos (Lair:6)
  The ghost of Tarasboulda the Carver, a journeyman DsGl of Uskayaw (Elf:1)
  27 lorocyprocas
  10 green draconians
  18 black draconians
  12 red draconians
  Azrael (Spider:3)
  10 deep elf annihilators
  9 purple draconians
  13 eidola
  11 white draconians
  2 minotaurs (Depths:4)
  5 spark wasps
  9 deep elf death magi
  26 blizzard demons
  Snorg (Lair:6)
  4 merfolk javelineers (Shoals:1)
  10 ettins
  A mummy priest (Crypt:3)
  6 merfolk impalers
  15 green deaths (Pan)
  16 death oozes
  Josephine (Lair:6)
  14 fire dragons
  2 kraken zombies
  9 jiangshi
  6 deep elf high priests
  14 yaktaur captains
  9 quicksilver dragon zombies
  12 great orbs of eyes
  5 quicksilver dragon skeletons
  17 ogre magi
  2 naga warriors (Depths:4)
  12 rakshasas
  6 hydras
  9 spriggan air magi
  Harold (D:9)
  3 hell beasts (Pan)
  20 ice dragons
  42 vault guards
  10 monstrous demonspawn (Pan)
  2 ghost crabs
  3 merfolk avatars
  Erolcha (D:9)
  2 catoblepae
  6 centaur warriors
  8 vampire magi
  3 satyrs
  9 merfolk aquamancers
  47 two-headed ogres
  8 death knights
  8 deep troll shamans
  36 dancing weapons
  4 death yaks
  10 spriggan berserkers
  27 hell hogs
  Urug (Lair:1)
  3 orc high priests
  14 thrashing horrors
  12 deep troll earth magi
  6 tengu warriors
  A queen ant (Lair:4)
  73 large abominations
  A titan zombie (Tar:7)
  2 iron golems (Dis:7)
  3 storm dragon zombies
  Sonja (Lair:6)
  69 hell knights
  84 soul eaters
  31 deep elf knights
  2 salamander mystics (Depths:4)
  86 sun demons
  6 storm dragon skeletons
  31 shadow wraiths
  5 titan skeletons
  62 skeletal warriors
  15 wretched stars
  38 sixfirhies
  2 spark wasp zombies (Hell)
  11 iron trolls
  11 wizards
  A sea snake (shapeshifter) (Abyss:3)
  27 shadow demons
  24 deep trolls
  9 gelid demonspawn (Pan)
  13 unseen horrors
  14 flayed ghosts
  A death drake (Tar:1)
  15 infernal demonspawn (Pan)
  9 torturous demonspawn (Pan)
  An obsidian statue (WizLab)
  15 glowing orange brains
  Pikel (D:5)
  8 anaconda zombies
  17 sea snakes
  11 deep elf archers
  3 ghost moth zombies
  A lindwurm (shapeshifter) (Depths:4)
  13 ironbrand convokers
  2 kraken simulacra (Coc:7)
  33 phantasmal warriors
  3 shadow dragon zombies
  A wolf spider zombie (Crypt:3)
  A golden dragon skeleton (Coc:7)
  25 orc knights
  12 necromancers
  20 harpies
  6 iron dragon zombies
  8 orc sorcerers
  67 ugly things
  7 anaconda skeletons
  3 oklob plants (Lair:4)
  25 wolf spiders
  A cyclops (shapeshifter) (Abyss:3)
  23 orb spiders
  62 deep elf magi
  7 shining eyes
  4 cyclopes
  A tengu skeleton (Vaults:3)
  9 frost giant zombies
  22 fauns
  6 stone giant zombies
  A shadow dragon skeleton (Coc:7)
  7 fire giant zombies
  9 manticores
  30 moths of wrath
  A moth of wrath (shapeshifter) (Vaults:5)
  A salamander (shapeshifter) (Vaults:2)
  6 stone giant skeletons
  3 worldbinders
  3 guardian serpents
  5 iron dragon skeletons
  A centaur zombie (D:10)
  11 elephants
  2 shock serpent zombies
  7 water nymphs
  4 fire giant skeletons
  5 frost giant skeletons
  A sphinx skeleton (Vaults:3)
  3 spriggan zombies
  4 naga magi
  32 rust devils
  8 merfolk sirens
  A guardian serpent (shapeshifter) (Depths:4)
  2 ice statues (IceCv)
  The ghost of EnegeticOcto the Chopper, a novice HOFi (D:4)
  A spiny frog (shapeshifter) (Vaults:2)
  A human skeleton (Vaults:3)
  A water nymph (shapeshifter) (Vaults:5)
  2 gargoyles
  4 dire elephant zombies
  62 smoke demons
  12 vault sentinels
  A molten gargoyle (Geh:5)
  11 spiny frogs
  3 dire elephant skeletons
  3 black mambas
  5 storm dragon simulacra (Coc:7)
  2 minotaur zombies
  2 apocalypse crabs
  An eye of devastation (Slime:3)
  A catoblepas zombie (Dis:5)
  5 titan simulacra (Coc:7)
  A torpor snail (Spider:4)
  3 yaktaur zombies (Hell)
  30 hellions
  A shock serpent skeleton (Tar:2)
  35 orange demons
  6 rime drakes
  2 human zombies
  A demonspawn skeleton (WizLab)
  20 freezing wraiths
  34 yaktaurs
  2 centaur skeletons
  4 anaconda simulacra (Coc:7)
  25 demonic crawlers
  15 efreet
  A grey draconian skeleton (Crypt:1)
  7 komodo dragons
  An alligator snapping turtle skeleton (Crypt:2)
  32 tormentors
  4 tengu conjurers
  A sea snake skeleton (Crypt:1)
  18 ancient zymes
  53 red devils
  51 ice devils
  8 trolls
  A catoblepas skeleton (Dis:2)
  20 wind drakes
  24 jumping spiders
  3 meliai (D:13)
  2 harpy zombies
  27 hellwings
  15 hornets
  21 merfolk
  A queen bee (shapeshifter) (Vaults:3)
  A wind drake (shapeshifter) (Vaults:1)
  18 hydra zombies
  4 polar bears
  22 raiju
  A hornet (shapeshifter) (Abyss:5)
  3 hydra skeletons
  89 slime creatures
  A blink frog (shapeshifter) (Depths:2)
  16 blink frogs
  6 hippogriffs
  3 ettin zombies
  3 dream sheep (Shoals:1)
  7 fire dragon zombies
  A hippogriff (shapeshifter) (Depths:5)
  5 bog bodies (Coc:7)
  2 ettin skeletons
  3 alligator zombies
  8 ice dragon zombies
  A snapping turtle (shapeshifter) (Depths:2)
  91 flying skulls
  12 snapping turtles
  4 fire dragon skeletons
  Sigmund (D:2)
  2 deep troll zombies (Hell)
  84 redbacks
  6 ice dragon skeletons
  29 tarantellas
  15 starcursed masses
  A fire giant simulacrum (Abyss:4)
  26 shadows
  43 wraiths
  A dire elephant simulacrum (Abyss:2)
  3 air elementals (Elf:3)
  2 black mamba zombies
  5 spriggans
  24 fire elementals
  A human (D:13)
  22 yaks
  2 vampires
  49 ynoxinuls
  An ushabti (Crypt:3)
  21 water elementals
  3 wyverns
  2 black mamba skeletons
  3 humans (shapeshifter)
  3 basilisks
  2 fire bats (Abyss:3)
  30 golden eyes
  2 basilisks (shapeshifter)
  2 hungry ghosts
  35 neqoxecs
  31 chaos spawn
  A steam dragon (D:13)
  6 vampire mosquitoes
  An elf skeleton (Depths:3)
  2 merfolk zombies
  21 soldier ants (Lair:4)
  3 spatial vortices (WizLab)
  An acid dragon (Vaults:1)
  5 wargs
  A two-headed ogre zombie (Crypt:2)
  An insubstantial wisp (WizLab)
  A water nymph zombie (Crypt:1)
  A swamp worm (shapeshifter) (Abyss:3)
  94 hell hounds
  4 hydra simulacra (Coc:7)
  4 porcupines
  5 spiny frog zombies
  13 water moccasins
  2 sky beasts
  2 slaves (D:5)
  A floating eye (Pan)
  2 floating eyes (shapeshifter)
  2 eyes of draining (shapeshifter)
  55 orc warriors
  13 eyes of draining
  5 ice beasts
  3 black bears
  A swamp dragon zombie (Dis:3)
  6 snapping turtle zombies
  4 phantoms
  48 wolves
  17 centaurs
  21 boggarts
  A lindwurm skeleton (Crypt:1)
  A manticore skeleton (Coc:1)
  A boggart (shapeshifter) (Vaults:4)
  37 necrophages
  4 snapping turtle skeletons
  47 ogres
  22 small abominations
  9 crocodiles
  A yaktaur skeleton (Crypt:2)
  16 bullfrogs
  A gnoll sergeant (D:10)
  2 wyvern zombies (D:13)
  2 big kobolds
  A glowing shapeshifter simulacrum (Depths:3)
  5 earth elementals
  A deep troll simulacrum (Vaults:2)
  3 spiny frog simulacra
  5 wyvern skeletons
  A water moccasin zombie (D:8)
  5 scorpions
  A troll zombie (Tar:6)
  A scorpion (shapeshifter) (Vaults:1)
  15 killer bees
  62 wights
  A troll skeleton (Pan)
  2 spriggan skeletons
  2 electric eels (Lair:6)
  3 howler monkeys
  17 crimson imps
  6 jellies (Lair:2)
  A bullfrog zombie (D:11)
  9 hounds
  10 quasits
  4 iguanas
  19 orc priests
  23 iron imps
  32 orc wizards
  4 bullfrog skeletons
  Ijyb (D:3)
  Jessica (D:2)
  Terence (D:3)
  32 worker ants
  A tengu zombie (Geh:7)
  An ogre zombie (Dis:3)
  A crocodile skeleton (Crypt:2)
  An ogre skeleton (Crypt:2)
  An acid dragon skeleton (Crypt:2)
  A demigod skeleton (Crypt:2)
  A hound zombie (D:5)
  2 hound skeletons
  7 mummies
  8 gnolls
  A howler monkey skeleton (D:11)
  A naga simulacrum (Coc:7)
  A scorpion zombie (Crypt:1)
  19 adders
  30 shadow imps
  18 white imps
  9 ufetubi
  16 oozes
  A lava snake skeleton (Crypt:1)
  A worm (D:8)
  A barachi skeleton (Crypt:2)
  3 dart slugs
  3 leopard geckos
  133 orcs
  10 ball pythons
  9 giant cockroaches
  10 goblins
  7 hobgoblins
  11 jackals
  10 quokkas
  5 bats
  8 frilled lizards
  18 kobolds
  A kobold skeleton (Tar:7)
  A kobold zombie (Tar:4)
  A leopard gecko zombie (D:5)
  An orc skeleton (Geh:2)
  2 orc zombies
  A quokka zombie (D:5)
  7 rats
  46 blocks of ice
  2 crawling corpses (Elf:3)
  93 fire vortices
  A fulminant prism (Orc:2)
  3 fungi
  4 lurking horrors
  34 plants
  9 starspawn tentacles
  3 tentacles (Coc:1)
  8 withered plants (Crypt:3)
5399 creatures vanquished.

Vanquished Creatures (collateral kills)
  A Tzitzimitl (Pan)
  An acid blob (Slime:5)
  An Executioner (Pan)
  2 tentacled starspawn (Abyss:2)
  A thorn hunter (Abyss:1)
  An azure jelly (Slime:5)
  A corrupter (Pan)
  A storm dragon zombie (Geh:5)
  An anaconda zombie (Hell)
  A stone giant zombie (Geh:3)
  A frost giant zombie (Dis:3)
  A rust devil (Dis:3)
  A titan simulacrum (Abyss:3)
  A storm dragon simulacrum (Coc:7)
  A smoke demon (Pan)
  A hydra zombie (Coc:7)
  An ettin zombie (Dis:5)
  A black mamba zombie (Dis:3)
  2 flying skulls
  A water elemental (Hell)
  A ynoxinul (Pan)
  A chaos spawn (Abyss:3)
  An ettin skeleton (Coc:7)
  A hydra simulacrum (Coc:7)
  A snapping turtle zombie (Geh:3)
  A snapping turtle skeleton (Pan)
  3 wights (Geh:3)
  A starcursed mass (Abyss:1)
  An iron imp (Dis:3)
  A white imp (Coc:7)
  A block of ice (Geh:3)
  4 plants (Shoals:4)
  A starspawn tentacle (Abyss:2)
40 creatures vanquished.

Vanquished Creatures (others)
  A golden dragon (Zot:1)
  A deep elf master archer (Elf:3)
  An eldritch tentacle (Dis:7)
  A draconian knight (Zot:2)
  2 stone giants
  A deep elf high priest (Vaults:5)
  An ice dragon (Coc:7)
  8 yaktaur captains
  A spriggan air mage (Depths:4)
  2 centaur warriors
  A tengu warrior (Depths:5)
  2 spriggan berserkers (Depths:4)
  A deep elf archer (Vaults:5)
  An orc knight (Vaults:4)
  2 fauns (Shoals:4)
  2 vault sentinels
  A water nymph (shapeshifter) (Depths:3)
  9 yaktaurs
  A merfolk (Shoals:1)
  3 wind drakes (Pan)
  A hornet (Depths:4)
  A spriggan (Depths:4)
  An acid dragon (Vaults:2)
  A floating eye (Depths:2)
  A slave (D:5)
  A centaur (Depths:3)
  An ogre (Vaults:5)
  A centaur (shapeshifter) (Depths:2)
  A scorpion (D:11)
  A hound skeleton (D:5)
  2 white imps (IceCv)
  6 ufetubi (IceCv)
  7 ball lightnings
  A frilled lizard (D:5)
  360 blocks of ice
  A bush (Abyss:1)
  219 fire vortices
  174 fulminant prisms
  60 fungi
  178 plants
  13 starspawn tentacles
  12 tentacles
  7 withered plants (Crypt:3)
1092 creatures vanquished.

Grand Total: 6531 creatures vanquished

Notes
Turn   | Place    | Note
-------+----------+-------------------------------------------
     0 | D:1      | dvd the Deep Elf Conjurer began the quest for the Orb.
     0 | D:1      | Reached XP level 1. HP: 10/10 MP: 6/6
   447 | D:1      | Reached XP level 2. HP: 14/15 MP: 2/8
   502 | D:1      | Learned a level 2 spell: Searing Ray
   903 | D:1      | Reached skill level 5 in Conjurations
  1293 | D:2      | Reached XP level 3. HP: 19/19 MP: 1/9
  1592 | D:2      | Found an iron altar of Okawaru.
  1623 | D:2      | Found a bloodstained altar of Trog.
  1624 | D:2      | Noticed Sigmund
  1642 | D:2      | Killed Sigmund
  1642 | D:2      | Reached XP level 4. HP: 2/24 MP: 0/12
  1642 | D:2      | Reached XP level 5. HP: 3/28 MP: 0/14
  1925 | D:2      | Learned a level 3 spell: Dazzling Spray
  1930 | D:2      | Learned a level 4 spell: Iskenderun's Mystic Blast
  1984 | D:2      | Noticed Jessica
  1987 | D:2      | Killed Jessica
  2410 | D:3      | Reached skill level 5 in Spellcasting
  2410 | D:3      | Reached XP level 6. HP: 32/32 MP: 12/15
  2960 | D:3      | Noticed Terence
  2967 | D:3      | Killed Terence
  2969 | D:3      | Noticed Ijyb
  2976 | D:3      | Killed Ijyb
  3386 | D:3      | Found an ornate altar of the Wu Jian Council.
  3438 | D:4      | Found a runed door.
  3440 | D:4      | Noticed EnegeticOcto's ghost (novice HOFi)
  4182 | D:4      | Learned a level 4 spell: Force Lance
  4206 | D:4      | Reached XP level 7. HP: 36/36 MP: 15/18
  4711 | D:5      | Entered Level 5 of the Dungeon
  4922 | D:5      | Found a glowing silver altar of Zin.
  5003 | D:5      | Noticed Pikel
  5022 | D:5      | Killed Pikel
  5022 | D:5      | Reached skill level 5 in Stealth
  5022 | D:5      | Reached XP level 8. HP: 30/41 MP: 13/22
  5049 | D:5      | Found a radiant altar of Vehumet.
  5062 | D:5      | Became a worshipper of Vehumet
  5113 | D:5      | Found a shadowy altar of Dithmenos.
  5865 | D:6      | Found a glowing drain.
  5935 | Sewer    | Entered a sewer
  6011 | Sewer    | Reached * piety under Vehumet
  6011 | Sewer    | Offered knowledge of Flame Tongue by Vehumet.
  6014 | Sewer    | Learned a level 1 spell: Flame Tongue
  6717 | D:6      | Reached skill level 1 in Staves
  6822 | D:6      | Found a sparkling altar of Nemelex Xobeh.
  6952 | D:7      | Reached XP level 9. HP: 45/46 MP: 13/24
  7082 | D:7      | Reached skill level 5 in Dodging
  7374 | D:7      | Found a staircase to the Ecumenical Temple.
  7439 | D:7      | Reached skill level 10 in Conjurations
  7637 | D:7      | Reached skill level 1 in Hexes
  7662 | D:7      | Found an ancient bone altar of Kikubaaqudgha.
  7778 | D:7      | Reached skill level 10 in Spellcasting
  7778 | D:7      | Reached XP level 10. HP: 54/54 MP: 26/26
  7781 | D:7      | Gained mutation: Your system is resistant to poisons.
                  | (rPois) [potion of mutation]
  7781 | D:7      | Gained mutation: Your muscles are strong. (Str +2) [potion
                  | of mutation]
  7781 | D:7      | Gained mutation: Your muscles are very strong. (Str +4)
                  | [potion of mutation]
  7781 | D:7      | Gained mutation: You are resistant to hostile enchantments.
                  | (MR+) [potion of mutation]
  7895 | D:8      | Found a bloodstained altar of Trog.
  7917 | D:8      | Reached ** piety under Vehumet
  7917 | D:8      | Offered knowledge of Throw Flame by Vehumet.
  7931 | D:8      | Learned a level 2 spell: Throw Flame
  7962 | D:8      | Found Gerhul's Distillery.
  7968 | D:8      | Bought a potion of heal wounds for 65 gold pieces
  7968 | D:8      | Bought a potion of heal wounds for 65 gold pieces
  7968 | D:8      | Bought a potion of curing for 39 gold pieces
  7968 | D:8      | Bought a potion of curing for 39 gold pieces
  7968 | D:8      | Bought 2 potions of curing for 78 gold pieces
  8017 | D:8      | Found a burning altar of Makhleb.
  8190 | D:8      | Found Poug's Antique Armour Shop.
  8658 | D:9      | Found a hide-covered altar of Uskayaw.
  8752 | D:9      | Noticed Harold
  8763 | D:9      | Killed Harold
  8818 | D:9      | Noticed Erolcha
  8823 | D:9      | Killed Erolcha
  9052 | D:9      | Reached XP level 11. HP: 54/59 MP: 28/28
  9062 | D:9      | Offered knowledge of Inner Flame by Vehumet.
  9132 | D:9      | Learned a level 3 spell: Inner Flame
  9170 | D:9      | Found a basalt altar of Yredelemnul.
  9464 | D:9      | Found a shadowy altar of Dithmenos.
  9556 | D:10     | Entered Level 10 of the Dungeon
  9998 | D:10     | Killed an unseen horror
 10425 | D:10     | Reached *** piety under Vehumet
 10633 | D:10     | Killed an unseen horror
 11270 | D:4      | Offered knowledge of Throw Icicle by Vehumet.
 11279 | D:4      | Killed EnegeticOcto's ghost
 11596 | D:11     | Noticed a six-headed hydra
 11605 | D:11     | Killed a six-headed hydra
 11846 | D:11     | HP: 2/60 [cyclops/large rock (33)]
 11952 | D:11     | Noticed a white ugly thing
 11963 | D:11     | Killed a white ugly thing
 11985 | D:11     | Reached **** piety under Vehumet
 12144 | D:11     | Learned a level 4 spell: Throw Icicle
 12186 | D:11     | Offered knowledge of Conjure Flame by Vehumet.
 12196 | D:11     | Found a staircase to the Lair.
 12363 | D:11     | Found Qotutz's Jewellery Shop.
 12372 | D:11     | Bought a +3 amulet of reflection for 204 gold pieces
 12494 | D:11     | Found a staircase to the Orcish Mines.
 13125 | D:11     | Learned a level 4 spell: Fulminant Prism
 13126 | Lair:1   | Entered Level 1 of the Lair of Beasts
 13160 | Lair:1   | Reached XP level 12. HP: 44/64 MP: 28/30
 13214 | Lair:1   | Found a frozen archway.
 13294 | IceCv    | Entered an ice cave
 13510 | IceCv    | Reached skill level 5 in Hexes
 13833 | IceCv    | Found the +2 pair of boots of the Assassin {Detection Stab+
                  | Stlth++}
 14326 | IceCv    | Noticed a reaper
 14355 | IceCv    | Killed a reaper
 14789 | Lair:1   | Noticed Urug
 14849 | Lair:1   | Noticed Gastronok
 14882 | Lair:1   | Killed Urug
 15346 | Lair:1   | Killed Gastronok
 15346 | Lair:1   | Reached skill level 5 in Translocations
 15346 | Lair:1   | Reached skill level 5 in Fire Magic
 16069 | Lair:2   | Reached ***** piety under Vehumet
 16088 | Lair:2   | Offered knowledge of Ozocubu's Refrigeration by Vehumet.
 16318 | Lair:2   | Noticed a death yak
 16343 | Lair:2   | Noticed a death yak
 16347 | Lair:2   | Noticed a death yak
 16347 | Lair:2   | Noticed a death yak
 16370 | Lair:1   | Killed a death yak
 16972 | Lair:2   | Got a twisted falchion
 16973 | Lair:2   | Identified the +9 falchion "Didozace" {pain, *Noise rN++
                  | Int+8 Dex+4} (You found it on level 2 of the Lair of
                  | Beasts)
 17093 | Lair:2   | Noticed a catoblepas
 17144 | Lair:1   | Killed a death yak
 17144 | Lair:1   | Reached skill level 5 in Staves
 17324 | Lair:1   | Killed a death yak
 17324 | Lair:1   | Reached XP level 13. HP: 37/68 MP: 23/32
 17638 | Lair:2   | Reached skill level 1 in Ice Magic
 18023 | Lair:3   | Reached skill level 15 in Conjurations
 18715 | Lair:3   | Reached skill level 1 in Long Blades
 19234 | Lair:4   | Noticed an entropy weaver
 19234 | Lair:4   | Noticed an entropy weaver
 19340 | Lair:4   | Found a staircase to the Shoals.
 19473 | Lair:4   | Offered knowledge of Poison Arrow by Vehumet.
 20087 | Lair:4   | Killed an entropy weaver
 20087 | Lair:4   | Reached skill level 15 in Spellcasting
 20795 | Lair:4   | Learned a level 3 spell: Regeneration
 21194 | Lair:4   | Found a hole to the Spider Nest.
 21262 | Lair:4   | Killed an entropy weaver
 21568 | Lair:5   | Reached XP level 14. HP: 60/74 MP: 29/35
 22786 | Lair:5   | Found a staircase to the Slime Pits.
 22866 | Lair:5   | Reached skill level 1 in Necromancy
 22968 | Lair:6   | Entered Level 6 of the Lair of Beasts
 23570 | Lair:6   | Learned a level 6 spell: Poison Arrow
 23583 | Lair:6   | Noticed Josephine
 23595 | Lair:6   | Killed Josephine
 23606 | Lair:6   | Noticed Sonja
 23614 | Lair:6   | Noticed Snorg
 24293 | D:12     | Reached skill level 5 in Charms
 24631 | D:12     | Learned a level 2 spell: Shroud of Golubria
 25781 | D:13     | Found a shattered altar of Ashenzari.
 26474 | D:13     | Found a shattered altar of Ashenzari.
 26729 | D:13     | Offered knowledge of Fireball by Vehumet.
 26757 | D:13     | Found a gate to the Vaults.
 27062 | Orc:1    | Entered Level 1 of the Orcish Mines
 27183 | Orc:1    | Noticed an orc warlord
 27190 | Orc:1    | Reached XP level 15. HP: 45/80 MP: 31/37
 27367 | D:11     | Killed an orc warlord
 27550 | Orc:1    | Learned a level 5 spell: Fireball
 27690 | Orc:1    | Reached ****** piety under Vehumet
 27893 | Orc:1    | Found Ovigonill's Food Emporium.
 28082 | D:11     | Bought an uncursed ring of see invisible for 195 gold
                  | pieces
 28082 | D:11     | Bought the ring "Tonik" {+Blink MP+9 Dex+4} for 778 gold
                  | pieces
 28158 | Orc:2    | Entered Level 2 of the Orcish Mines
 28346 | Orc:1    | Offered knowledge of Venom Bolt by Vehumet.
 28680 | Orc:2    | Found a roughly hewn altar of Beogh.
 28682 | Orc:2    | Found Dyothrop's Antique Armour Shoppe.
 28927 | Orc:2    | Bought a runed helmet for 165 gold pieces
 29039 | Orc:2    | Found a roughly hewn altar of Beogh.
 29044 | Orc:2    | Found Notoesk's Assorted Antiques.
 29085 | Orc:2    | Found a roughly hewn altar of Beogh.
 29156 | Orc:2    | Reached skill level 5 in Long Blades
 29160 | Orc:2    | Found a staircase to the Elven Halls.
 29161 | Orc:2    | Found a roughly hewn altar of Beogh.
 29302 | Orc:2    | Noticed an orc warlord
 29316 | Orc:2    | Killed an orc warlord
 29492 | Orc:2    | Found Esiffo's Antique Armour Emporium.
 29495 | Orc:2    | Found a roughly hewn altar of Beogh.
 29498 | Orc:2    | Found Tugro's Antique Weapon Shoppe.
 30163 | D:14     | Noticed Agnes
 30171 | D:14     | Killed Agnes
 30269 | D:14     | Offered knowledge of Spellforged Servitor by Vehumet.
 30563 | D:15     | Entered Level 15 of the Dungeon
 31641 | D:15     | Found a staircase to the Depths.
 32017 | Lair:6   | Noticed Nessos
 32020 | Lair:6   | Killed Nessos
 32212 | Lair:6   | Killed Snorg
 32227 | Lair:6   | Identified the +6 plate armour "Foisiruz" {rCorr Dex+4}
                  | (You found it on level 6 of the Lair of Beasts)
 32228 | Lair:6   | Identified the Almanac of Transformation
 32264 | Lair:6   | Killed Sonja
 32806 | Shoals:1 | Entered Level 1 of the Shoals
 32855 | Shoals:1 | Reached XP level 16. HP: 59/84 MP: 23/39
 33099 | Spider:1 | Entered Level 1 of the Spider Nest
 33486 | Spider:1 | Offered knowledge of Freezing Cloud by Vehumet.
 33494 | Spider:1 | Learned a level 6 spell: Freezing Cloud
 34536 | Orc:2    | Bought a warped troll leather armour for 500 gold pieces
 34546 | Orc:2    | Identified the +8 troll leather armour "Joeh Gio" {MR+
                  | Regen+ rCorr} (You bought it in a shop on level 2 of the
                  | Orcish Mines)
 34787 | Spider:2 | Reached skill level 1 in Poison Magic
 34787 | Spider:2 | Reached skill level 1 in Shields
 36143 | Spider:3 | Noticed Arachne
 36159 | Spider:3 | Killed Arachne
 36337 | Spider:3 | Offered knowledge of Bolt of Fire by Vehumet.
 36399 | Spider:3 | Reached skill level 1 in Armour
 36524 | Spider:3 | Found a runed door.
 36537 | Spider:3 | Noticed Ajyxzof's ghost (adept MiBe)
 36572 | Spider:3 | Noticed Azrael
 36580 | Spider:3 | Killed Azrael
 36893 | Spider:4 | Entered Level 4 of the Spider Nest
 36993 | Spider:4 | Reached skill level 1 in Air Magic
 37416 | Spider:4 | Reached XP level 17. HP: 76/90 MP: 41/41
 37714 | Spider:4 | Reached skill level 10 in Dodging
 38141 | Spider:4 | Got a gossamer rune of Zot
 38651 | Shoals:1 | Offered knowledge of Fire Storm by Vehumet.
 38651 | Shoals:1 | Offered knowledge of Glaciate by Vehumet.
 38651 | Shoals:1 | Offered knowledge of Tornado by Vehumet.
 38870 | Shoals:1 | Noticed Roxanne
 38939 | Shoals:1 | Noticed a kraken
 38946 | Shoals:1 | Killed Roxanne
 39235 | Shoals:1 | Found Ypimiuf's Jewellery Emporium.
 39707 | Shoals:2 | Found a runed door.
 39707 | Shoals:2 | Found a shimmering altar of Xom.
 39707 | Shoals:2 | Noticed troglodite's ghost (journeyman DsBe)
 39836 | Shoals:2 | Found Awnemmeu's Weapon Shop.
 40588 | Shoals:3 | Found Zumaenk's Magic Scroll Shoppe.
 40598 | Shoals:3 | Bought a scroll of fear for 73 gold pieces
 40901 | Shoals:4 | Entered Level 4 of the Shoals
 40934 | Shoals:4 | Reached XP level 18. HP: 90/95 MP: 16/43
 40999 | Shoals:3 | Learned a level 4 spell: Cause Fear
 41097 | Shoals:4 | Got a slimy quick blade
 41098 | Shoals:4 | Identified the +8 quick blade of Departure {pierce, Fragile
                  | rN++ Str+2 Int+3} (You found it on level 4 of the Shoals)
 41428 | Shoals:4 | Reached skill level 5 in Evocations
 41524 | Shoals:4 | Got a barnacled rune of Zot
 41582 | Shoals:4 | Found a runed door.
 41583 | Shoals:4 | Found a shimmering altar of Xom.
 41583 | Shoals:4 | Noticed Ymberto's ghost (adept DEFE)
 41598 | Shoals:4 | Killed Ymberto's ghost
 41621 | Shoals:4 | Identified the +10 ring mail of Muawoil {rC+ Str+4 Stlth+}
                  | (You found it on level 4 of the Shoals)
 41634 | Shoals:4 | Got a bloodstained morningstar {chaos}
 41635 | Shoals:4 | Identified the +1 morningstar of Uskayaw's Fury {chaos,
                  | rN++} (You subdued it on level 4 of the Shoals)
 42166 | Elf:1    | Entered Level 1 of the Elven Halls
 42529 | Elf:1    | Reached skill level 10 in Stealth
 42533 | Elf:1    | Identified a scroll of acquirement
 42545 | Elf:1    | Identified a +0 pair of boots of running (You acquired it
                  | on level 1 of the Elven Halls)
 42795 | Elf:1    | Reached skill level 5 in Necromancy
 42913 | Elf:1    | Found Tivuepp's Magic Scroll Boutique.
 42924 | Elf:1    | Bought a scroll of blinking for 112 gold pieces
 43252 | Elf:1    | Found a runed door.
 43252 | Elf:1    | Noticed Tarasboulda's ghost (journeyman DsGl)
 43262 | Elf:1    | Killed Tarasboulda's ghost
 43558 | Elf:2    | Found a runed gate.
 43558 | Elf:2    | Found a runed gate.
 43559 | Elf:2    | Found a runed gate.
 43828 | Elf:2    | Noticed Saint Roka
 43851 | Elf:2    | Killed Saint Roka
 44092 | Elf:2    | Reached XP level 19. HP: 100/100 MP: 45/45
 44773 | Elf:3    | Entered Level 3 of the Elven Halls
 45159 | Elf:3    | Found Iggije's Weapon Shoppe.
 45476 | Elf:3    | Found Panta's Gadget Emporium.
 45788 | Elf:3    | Got a crude broad axe {chop}
 45789 | Elf:3    | Identified the +3 broad axe of Wyrd {chop, -Tele +Rage
                  | Str+9 Int-2} (You took it off a deep elf demonologist on
                  | level 3 of the Elven Halls)
 45976 | Elf:3    | Got a steaming wooden ring
 45981 | Elf:3    | Identified the ring "Ofuciq" {rC- Int-4 Dex+4 Slay+6
                  | Stlth-} (You took it off a deep elf elementalist on level 3
                  | of the Elven Halls)
 46304 | Elf:3    | Got a twisted scale mail
 46315 | Elf:3    | Identified the +3 scale mail "Usupuc" {rPois} (You found it
                  | on level 3 of the Elven Halls)
 46351 | Elf:3    | Identified the Papyrus of the Birds
 46394 | Elf:3    | Identified Sif Muna's Almanac of the Earthen Traveller
 46397 | Elf:3    | Identified the Tome of Virous Transformation
 46421 | Elf:3    | Learned a level 2 spell: Blink
 46969 | Vaults:1 | Entered Level 1 of the Vaults
 47187 | Vaults:1 | Reached skill level 5 in Fighting
 47187 | Vaults:1 | Reached XP level 20. HP: 106/106 MP: 5/47
 47680 | Vaults:1 | Reached skill level 5 in Ice Magic
 48314 | Vaults:1 | Reached skill level 5 in Shields
 48812 | Vaults:2 | Found a staircase to the Crypt.
 49471 | Vaults:2 | Found Cefel's Antique Armour Emporium.
 49873 | Vaults:2 | Reached skill level 5 in Poison Magic
 50355 | Vaults:3 | Learned a level 5 spell: Lightning Bolt
 50918 | Vaults:3 | Reached XP level 21. HP: 110/110 MP: 26/49
 51746 | Vaults:4 | Reached skill level 10 in Translocations
 52349 | Vaults:4 | Learned a level 2 spell: Sublimation of Blood
 52355 | Vaults:4 | Learned a level 5 spell: Irradiate
 52361 | Vaults:4 | Learned a level 5 spell: Yara's Violent Unravelling
 52455 | Vaults:4 | Reached skill level 5 in Air Magic
 53107 | Vaults:4 | Noticed an ancient lich
 53126 | Vaults:4 | Killed an ancient lich
 53886 | Depths:1 | Entered Level 1 of the Depths
 53908 | Depths:1 | Found a magical portal.
 53922 | WizLab   | Entered The Roulette of Golubria
 53922 | WizLab   | Found a transporter.
 53927 | WizLab   | Found a corrupted altar of Lugonu.
 53985 | WizLab   | Found a transporter.
 53986 | WizLab   | Found a corrupted altar of Lugonu.
 53999 | WizLab   | Found a transporter.
 54036 | WizLab   | Found a transporter.
 54088 | WizLab   | Found a transporter.
 54129 | WizLab   | Found a transporter.
 54144 | WizLab   | Found a transporter.
 54184 | WizLab   | Found a transporter.
 54264 | WizLab   | Found a transporter.
 54303 | WizLab   | Found a corrupted altar of Lugonu.
 54417 | WizLab   | Found a transporter.
 54442 | WizLab   | Found a transporter.
 54478 | WizLab   | Got a scorched cloak
 54482 | WizLab   | Identified the +2 cloak of Qikkytig {*Slow MP+9 Str+6} (You
                  | found it in a wizard's laboratory)
 54489 | WizLab   | Got a fine cloak
 54490 | WizLab   | Identified the cursed -5 cloak of Circular Logic {*Contam
                  | +Fly rElec Str+2} (You found it in a wizard's laboratory)
 54509 | WizLab   | Got an ichor-stained cloak
 54510 | WizLab   | Identified the +2 cloak of Omoymoh {+Fly rPois Int+4} (You
                  | found it in a wizard's laboratory)
 54522 | WizLab   | Found a transporter.
 54569 | WizLab   | Found a transporter.
 54608 | WizLab   | Found a transporter.
 54608 | WizLab   | Found a transporter.
 54632 | WizLab   | Found a transporter.
 54632 | WizLab   | Found a transporter.
 54692 | WizLab   | Identified Sif Muna's Disquisition on Dislocation
 54701 | WizLab   | Found a transporter.
 54777 | WizLab   | Found a transporter.
 54777 | WizLab   | Found a transporter.
 54903 | Depths:1 | Found a one-way gate leading to the halls of Pandemonium.
 54986 | Depths:1 | Reached XP level 22. HP: 77/116 MP: 37/51
 55387 | Depths:1 | Found Butagoge's Jewellery Boutique.
 55387 | Depths:1 | Found Caduroerph's Gadget Emporium.
 55388 | Depths:1 | Found Wypp's Jewellery Boutique.
 55398 | Depths:1 | Bought the ring of Vatual {+Fly rF+ Int+4} for 552 gold
                  | pieces
 55894 | Depths:1 | Found a gateway to Hell.
 56567 | Depths:2 | Reached skill level 10 in Charms
 56623 | Depths:2 | Reached skill level 1 in Transmutations
 56790 | Depths:2 | Found an iron altar of Okawaru.
 57019 | Depths:2 | Identified the +6 chain mail of Ismim {MR+} (You found it
                  | on level 2 of the Depths)
 57056 | Depths:2 | Identified the +5 scale mail of Good Intentions {rC++
                  | Stlth+} (You found it on level 2 of the Depths)
 57814 | Depths:2 | Found a one-way gate to the infinite horrors of the Abyss.
 58021 | Depths:2 | Learned a level 6 spell: Deflect Missiles
 58438 | Vaults:5 | Entered Level 5 of the Vaults
 58505 | Vaults:4 | Reached XP level 23. HP: 90/120 MP: 52/53
 59702 | Vaults:5 | Got a silver rune of Zot
 59921 | Vaults:5 | Got a wavering tin ring
 59930 | Vaults:5 | Identified the ring "Lupinufren" {rC- Int+6 Dex+3 Stlth-}
                  | (You found it on level 5 of the Vaults)
 60194 | Vaults:5 | Got crude storm dragon scales
 60195 | Vaults:5 | Identified the +0 storm dragon scales of the Evening {rElec
                  | MP-9 Int+7 Dex+2} (You acquired it on level 5 of the
                  | Vaults)
 61057 | Shoals:2 | Killed troglodite's ghost
 61298 | Spider:3 | Killed Ajyxzof's ghost
 61728 | Crypt:1  | Entered Level 1 of the Crypt
 61772 | Crypt:1  | Reached skill level 10 in Hexes
 61879 | Crypt:1  | Got a turquoise-encrusted ring mail
 61892 | Crypt:1  | Identified the +2 ring mail of Morality {rF+} (You found it
                  | on level 1 of the Crypt)
 62067 | Crypt:1  | Got a spiked hat
 62078 | Crypt:1  | Identified the +2 hat "Giacaone" {rElec rPois MR-} (You
                  | acquired it on level 1 of the Crypt)
 62640 | Crypt:2  | Reached XP level 24. HP: 125/125 MP: 54/54
 63479 | Crypt:3  | Entered Level 3 of the Crypt
 64359 | Crypt:3  | Found a staircase to the Tomb.
 64598 | Crypt:3  | Reached skill level 10 in Fire Magic
 64765 | Crypt:3  | Identified the Handbook of Evil Rites
 65140 | Crypt:3  | Found a basalt altar of Yredelemnul.
 65784 | Crypt:3  | Learned a level 8 spell: Lehudib's Crystal Spear
 66189 | Depths:3 | Reached skill level 1 in Earth Magic
 66197 | Depths:3 | Noticed Margery
 66502 | Depths:3 | Killed Margery
 66674 | Depths:3 | Reached XP level 25. HP: 115/131 MP: 34/54
 67001 | Depths:3 | Noticed Nikola
 67010 | Depths:3 | Reached skill level 5 in Earth Magic
 67015 | Depths:3 | Killed Nikola
 67147 | Depths:3 | Noticed the Enchantress
 67155 | Depths:3 | Killed the Enchantress
 67202 | Depths:3 | Identified the +1 faerie dragon scales {rCorr MP+2 Int+5}
                  | (You took it off the Enchantress on level 3 of the Depths)
 67279 | Depths:3 | Got a warped steel ring
 67281 | Depths:3 | Identified the ring "Qyicesap" {Ice rElec rPois Int-4 SInv}
                  | (You found it on level 3 of the Depths)
 67895 | Depths:4 | Found a flickering gateway to a bazaar.
 67911 | Bazaar   | Entered a bazaar
 67912 | Bazaar   | Found Ceceeve's General Store.
 67918 | Bazaar   | Found Piehiegy's Weapon Boutique.
 67923 | Bazaar   | Found Zujuzxeu's Armour Shoppe.
 67935 | Bazaar   | Found Quida's Book Boutique.
 68120 | Depths:4 | Reached skill level 27 in Conjurations
 68289 | Depths:4 | Identified the cursed +0 helmet of the Assorted Queens
                  | {Str+3 Slay-4 Stlth+} (You found it on level 4 of the
                  | Depths)
 68320 | Depths:4 | Found a corrupted altar of Lugonu.
 68331 | Depths:4 | Found a gateway to a ziggurat.
 68833 | Depths:4 | Reached skill level 10 in Air Magic
 68969 | Depths:4 | Identified the Handbook of Toxins
 68983 | Depths:4 | Identified the Reference Book on Icy Transformation
 69656 | Slime:1  | Entered Level 1 of the Pits of Slime
 69685 | Slime:2  | Gained mutation: You tend to lose your temper in combat. [a
                  | shining eye]
 69713 | Slime:3  | Noticed Dissolution
 69784 | Slime:3  | Killed Dissolution
 70041 | Slime:5  | Entered Level 5 of the Pits of Slime
 70117 | Slime:5  | Reached XP level 26. HP: 136/136 MP: 38/55
 70145 | Slime:5  | Noticed the Royal Jelly
 70789 | Depths:1 | Learned a level 9 spell: Fire Storm
 71737 | Slime:5  | Found a viscous altar of Jiyva.
 71738 | Slime:5  | Found the +3 Elemental Staff {rElec rF++ rC++ MR++ AC+5}
 71765 | Slime:5  | Killed the Royal Jelly
 71765 | Slime:5  | Reached skill level 27 in Spellcasting
 71796 | Slime:4  | Gained mutation: Scrolls take you a little longer to read.
                  | [a shining eye]
 72354 | Slime:5  | Found the ring of Phasing {EV+8}
 72389 | Slime:5  | Identified the +0 pair of boots of Narcissism {rPois Int-4
                  | Dex+7} (You found it on level 5 of the Pits of Slime)
 72393 | Slime:5  | Got a spiked leather armour
 72396 | Slime:5  | Identified the +1 leather armour "Xatat" {rElec MR+ Int+4
                  | Dex-5} (You found it on level 5 of the Pits of Slime)
 72431 | Slime:5  | Identified the ring "Ryirgh" {rElec Int+5} (You found it on
                  | level 5 of the Pits of Slime)
 72442 | Slime:5  | Got a slimy rune of Zot
 72555 | Slime:5  | Identified the +7 great sword of Puceqeer {freeze, +Rage
                  | Dex+4} (You found it on level 5 of the Pits of Slime)
 73237 | Depths:5 | Entered Level 5 of the Depths
 74476 | Depths:5 | Found a gate to the Realm of Zot.
 74508 | Depths:5 | Learned a level 9 spell: Glaciate
 74664 | Depths:5 | Voluntarily entered the Abyss.
 74905 | Abyss:1  | Found a corrupted altar of Lugonu.
 75475 | Abyss:1  | Identified the cursed +2 fustibalus "Reip" {flame, -Tele
                  | rF+ Str+3} (You found it on level 1 of the Abyss)
 75486 | Abyss:1  | Gained mutation: Your spells are a little easier to cast,
                  | but a little less powerful. [a neqoxec]
 75506 | Abyss:1  | Lost mutation: You are resistant to hostile enchantments.
                  | (MR+) [potion of mutation]
 75506 | Abyss:1  | Lost mutation: Scrolls take you a little longer to read.
                  | [potion of mutation]
 75506 | Abyss:1  | Lost mutation: Your muscles are very strong. (Str +4)
                  | [potion of mutation]
 75506 | Abyss:1  | Gained mutation: You are covered in fur. (AC +1) [potion of
                  | mutation]
 75506 | Abyss:1  | Gained mutation: You have a pair of small antennae on your
                  | head. [potion of mutation]
 75506 | Abyss:1  | Gained mutation: You have sharp toenails. [potion of
                  | mutation]
 75507 | Abyss:1  | Lost mutation: Your muscles are strong. (Str +2) [potion of
                  | mutation]
 75507 | Abyss:1  | Lost mutation: You tend to lose your temper in combat.
                  | [potion of mutation]
 75507 | Abyss:1  | Lost mutation: Your spells are a little easier to cast, but
                  | a little less powerful. [potion of mutation]
 75507 | Abyss:1  | Gained mutation: You have an increased reservoir of magic.
                  | (+10% MP) [potion of mutation]
 75507 | Abyss:1  | Gained mutation: Your muscles are strong. (Str +2) [potion
                  | of mutation]
 75507 | Abyss:1  | Gained mutation: You passively map a small area around you.
                  | [potion of mutation]
 75714 | Abyss:2  | Reached skill level 10 in Ice Magic
 75838 | Abyss:4  | Got a warped silver ring
 75839 | Abyss:4  | Identified the ring "Nowyhyen" {+Fly rC- Int+8 Dex+6} (You
                  | found it on level 4 of the Abyss)
 75847 | Abyss:4  | Reached skill level 5 in Transmutations
 75847 | Abyss:4  | Reached XP level 27. HP: 140/140 MP: 49/61
 76050 | Abyss:4  | Lost mutation: Your muscles are strong. (Str +2) [a
                  | neqoxec]
 76061 | Abyss:5  | Entered Level 5 of the Abyss
 76254 | Abyss:5  | Reached skill level 10 in Necromancy
 76379 | Depths:5 | Escaped the Abyss
 77862 | Depths:2 | Voluntarily entered the Abyss.
 77882 | Abyss:1  | Paralysed by accursed screaming for 2 turns
 77887 | Abyss:1  | Paralysed by accursed screaming for 2 turns
 77922 | Abyss:3  | Found a corrupted altar of Lugonu.
 77944 | Abyss:3  | Got a scorched diamond amulet
 77945 | Abyss:3  | Identified the amulet of Wovugyl {Harm *Drain +Blink rN+
                  | Str-3 Dex+6} (You acquired it on level 3 of the Abyss)
 78006 | Abyss:4  | Found a corrupted altar of Lugonu.
 78130 | Abyss:4  | Reached skill level 10 in Shields
 78148 | Depths:2 | Escaped the Abyss
 78431 | Zot:1    | Entered Level 1 of the Realm of Zot
 80101 | Zot:2    | Found Yrghoun's Changing Room.
 80173 | Zot:2    | Reached skill level 10 in Poison Magic
 80438 | Zot:2    | Identified Sif Muna's Tome of Clay and Changing
 81172 | Zot:3    | Noticed an orb of fire
 81174 | Zot:3    | Gained mutation: You do not regenerate when monsters are
                  | visible. [an orb of fire]
 81175 | Zot:3    | Killed an orb of fire
 82013 | Depths:5 | Voluntarily entered the Abyss.
 82149 | Abyss:1  | Reached skill level 10 in Earth Magic
 82884 | Abyss:3  | Noticed an ancient lich
 82887 | Abyss:3  | Killed an ancient lich
 82930 | Abyss:3  | Got an abyssal rune of Zot
 82970 | Depths:5 | Escaped the Abyss
 82995 | Depths:5 | Lost mutation: You passively map a small area around you.
                  | [potion of mutation]
 82995 | Depths:5 | Lost mutation: You do not regenerate when monsters are
                  | visible. [potion of mutation]
 82995 | Depths:5 | Lost mutation: You have sharp toenails. [potion of
                  | mutation]
 82995 | Depths:5 | Gained mutation: You are agile. (Dex +2) [potion of
                  | mutation]
 82995 | Depths:5 | Gained mutation: You are resistant to hostile enchantments.
                  | (MR+) [potion of mutation]
 82995 | Depths:5 | Gained mutation: Your skin changes colour to match your
                  | surroundings (Stealth+). [potion of mutation]
 83077 | Hell     | Entered the Vestibule of Hell
 83077 | Hell     | Noticed Geryon
 83080 | Hell     | Noticed Murray
 83086 | Hell     | Killed Geryon
 83169 | Hell     | Reached skill level 15 in Charms
 83437 | Depths:5 | Reached skill level 15 in Fire Magic
 83567 | Hell     | Killed Murray
 83693 | Hell     | Found a gateway to the Iron City of Dis.
 83741 | Hell     | Found a gateway to the ashen valley of Gehenna.
 83816 | Hell     | Found a gateway to the decaying netherworld of Tartarus.
 83858 | Hell     | Found a gateway to the freezing wastes of Cocytus.
 83996 | Geh:1    | Entered Level 1 of Gehenna
 84200 | Geh:2    | You fall through a shaft!
 84215 | Geh:3    | Reached skill level 5 in Armour
 84600 | Geh:6    | Gained mutation: Armour fits poorly on your strangely
                  | shaped body. [mutagenic glow]
 84621 | Geh:6    | Gained mutation: You are frail. (-10% HP) [mutagenic glow]
 84889 | Geh:7    | Entered Level 7 of Gehenna
 84929 | Geh:7    | Reached skill level 15 in Ice Magic
 85131 | Geh:7    | Noticed the Serpent of Hell
 85398 | Geh:7    | Noticed Asmodeus
 85459 | Geh:7    | Killed Asmodeus
 85555 | Geh:7    | Killed the Serpent of Hell
 85660 | Geh:7    | Got an obsidian rune of Zot
 85971 | Geh:7    | Identified the +9 dagger of Truncation {pierce, rC- Str+3
                  | Int+4 Dex+3} (You took it off an efreet on level 7 of
                  | Gehenna)
 85980 | Geh:7    | Identified the +2 rapier of Buokly {venom, rC+ Dex+5} (You
                  | found it on level 7 of Gehenna)
 86074 | Geh:7    | Identified the Incunabulum of Helpful Evil Rites
 86078 | Geh:7    | Got a shimmering turquoise ring
 86079 | Geh:7    | Identified the ring "Rixualet" {rPois Str+4 Int+5} (You
                  | found it on level 7 of Gehenna)
 86402 | Hell     | Learned a level 5 spell: Aura of Abjuration
 86506 | Pan      | Entered Pandemonium
 86509 | Pan      | Noticed Esoidac the pandemonium lord
 86519 | Pan      | Killed Esoidac the pandemonium lord
 86519 | Pan      | Reached skill level 1 in Summonings
 86523 | Pan      | Got a demonic rune of Zot
 87253 | Pan      | Reached skill level 15 in Translocations
 87581 | Pan      | Noticed Vasm the pandemonium lord
 87586 | Pan      | Killed Vasm the pandemonium lord
 88312 | Pan      | Noticed Piumud the pandemonium lord
 88323 | Pan      | Reached skill level 5 in Summonings
 88325 | Pan      | Killed Piumud the pandemonium lord
 88565 | Pan      | Learned a level 8 spell: Ignition
 89292 | Pan      | Noticed Opnav the pandemonium lord
 89296 | Pan      | Killed Opnav the pandemonium lord
 89479 | Pan      | Noticed Mennas
 89516 | Pan      | Killed Mennas
 89537 | Pan      | Noticed Puoto the pandemonium lord
 89543 | Pan      | Killed Puoto the pandemonium lord
 89828 | Pan      | Noticed Ginam the pandemonium lord
 89839 | Pan      | Killed Ginam the pandemonium lord
 90335 | Pan      | Learned a level 8 spell: Chain Lightning
 90931 | Pan      | Noticed Igirph the pandemonium lord
 90943 | Pan      | Killed Igirph the pandemonium lord
 91548 | Pan      | Noticed Rejenk the pandemonium lord
 91553 | Pan      | Killed Rejenk the pandemonium lord
 91593 | Pan      | Entered the realm of Cerebov.
 91663 | Pan      | Found an exit through the horrors of the Abyss.
 92131 | Pan      | Noticed Cerebov
 92135 | Pan      | Reached skill level 15 in Shields
 92271 | Pan      | Killed Cerebov
 92271 | Pan      | Reached skill level 15 in Necromancy
 92336 | Pan      | Identified the +9 long sword of Eternal Vigilance {slice,
                  | rC+ Str+4} (You took it off a balrug in Pandemonium)
 92362 | Pan      | Identified the ring "Qeuleges" {Dex+3 SInv} (You found it
                  | in Pandemonium)
 92425 | Pan      | Identified the cursed +1 leather armour "Rybucih" {+Inv
                  | Int-3 Dex+8 Stlth+} (You found it in Pandemonium)
 92441 | Pan      | Got a fiery rune of Zot
 92724 | Pan      | Found an exit through the horrors of the Abyss.
 92907 | Pan      | Noticed Feggef the pandemonium lord
 92916 | Pan      | Killed Feggef the pandemonium lord
 93120 | Pan      | Entered the realm of Gloorx Vloq.
 93529 | Pan      | Found an exit through the horrors of the Abyss.
 94126 | Pan      | Noticed Gloorx Vloq
 94130 | Pan      | Killed Gloorx Vloq
 94150 | Pan      | Got a dark rune of Zot
 94522 | Pan      | Identified the +1 robe "Eqousmel" {-Tele rElec Int+4} (You
                  | found it in Pandemonium)
 94663 | Pan      | Found an exit through the horrors of the Abyss.
 94890 | Pan      | Noticed Tutziubuo the pandemonium lord
 94894 | Pan      | Killed Tutziubuo the pandemonium lord
 95167 | Pan      | Noticed Utalum the pandemonium lord
 95174 | Pan      | Killed Utalum the pandemonium lord
 95174 | Pan      | Reached skill level 15 in Earth Magic
 95234 | Pan      | Reached skill level 15 in Dodging
 95353 | Pan      | Noticed Woagain the pandemonium lord
 95365 | Pan      | Got a pair of jewelled boots
 95502 | Pan      | Killed Woagain the pandemonium lord
 95579 | Pan      | Entered the realm of Lom Lobon.
 95579 | Pan      | Noticed Lom Lobon
 95884 | Pan      | Identified the +2 pair of boots of the Original Sin {rF++
                  | rC+ Int+4} (You found it in Pandemonium)
 96363 | Pan      | Killed Lom Lobon
 96397 | Pan      | Got a magical rune of Zot
 96637 | Pan      | Found an exit through the horrors of the Abyss.
 96753 | Pan      | Noticed Fuxikal the pandemonium lord
 96759 | Pan      | Killed Fuxikal the pandemonium lord
 96764 | Pan      | Lost mutation: You have an increased reservoir of magic.
                  | (+10% MP) [a neqoxec]
 96786 | Pan      | Found a runed door.
 97061 | Pan      | Found an exit through the horrors of the Abyss.
 97395 | Pan      | Noticed Iryiptuf the pandemonium lord
 97402 | Pan      | Killed Iryiptuf the pandemonium lord
 97451 | Pan      | Found an exit through the horrors of the Abyss.
 97481 | Pan      | Entered the realm of Mnoleg.
 97483 | Pan      | Gained mutation: Your body sometimes deteriorates upon
                  | taking damage. [a neqoxec]
 97484 | Pan      | Noticed Mnoleg
 97492 | Pan      | Gained mutation: Your magical capacity is low. (-10% MP) [a
                  | cacodemon]
 97495 | Pan      | Killed Mnoleg
 97914 | Pan      | Found an exit through the horrors of the Abyss.
 97997 | Pan      | Gained mutation: Your body often deteriorates upon taking
                  | damage. [a cacodemon]
 98051 | Pan      | Got a distressingly furry hat
 98052 | Pan      | Identified the +1 hat "Netotemm" {Dex+2} (You found it in
                  | Pandemonium)
 98075 | Pan      | Got a glowing rune of Zot
 98113 | Pan      | Took an exit into the Abyss.
 98113 | Abyss:1  | Escaped into the Abyss
 98134 | Abyss:1  | Noticed an ancient lich
 98136 | Abyss:1  | Killed an ancient lich
 98161 | Depths:3 | Escaped the Abyss
 98167 | Depths:3 | Lost mutation: Your body often deteriorates upon taking
                  | damage. [potion of mutation]
 98167 | Depths:3 | Lost mutation: You are frail. (-10% HP) [potion of
                  | mutation]
 98167 | Depths:3 | Lost mutation: You have a pair of small antennae on your
                  | head. [potion of mutation]
 98167 | Depths:3 | Lost mutation: Your skin changes colour to match your
                  | surroundings (Stealth+). [potion of mutation]
 98167 | Depths:3 | Gained mutation: You are frail. (-10% HP) [potion of
                  | mutation]
 98167 | Depths:3 | Gained mutation: Your spells are a little harder to cast,
                  | but a little more powerful. [potion of mutation]
 98168 | Depths:3 | Lost mutation: You are agile. (Dex +2) [potion of mutation]
 98168 | Depths:3 | Lost mutation: Armour fits poorly on your strangely shaped
                  | body. [potion of mutation]
 98168 | Depths:3 | Lost mutation: You are resistant to hostile enchantments.
                  | (MR+) [potion of mutation]
 98168 | Depths:3 | Gained mutation: You are occasionally teleported next to
                  | monsters. [potion of mutation]
 98168 | Depths:3 | Gained mutation: You have a pair of small antennae on your
                  | head. [potion of mutation]
 98169 | Depths:3 | Lost mutation: You have a pair of small antennae on your
                  | head. [potion of mutation]
 98169 | Depths:3 | Lost mutation: Your magical capacity is low. (-10% MP)
                  | [potion of mutation]
 98169 | Depths:3 | Lost mutation: You are covered in fur. (AC +1) [potion of
                  | mutation]
 98169 | Depths:3 | Gained mutation: You are sometimes teleported next to
                  | monsters. [potion of mutation]
 98169 | Depths:3 | Gained mutation: Armour fits poorly on your strangely
                  | shaped body. [potion of mutation]
 98169 | Depths:3 | Gained mutation: You are partially covered in molten
                  | scales. (AC +2) [potion of mutation]
 98170 | Depths:3 | Lost mutation: Armour fits poorly on your strangely shaped
                  | body. [potion of mutation]
 98170 | Depths:3 | Lost mutation: Your spells are a little harder to cast, but
                  | a little more powerful. [potion of mutation]
 98170 | Depths:3 | Lost mutation: You are sometimes teleported next to
                  | monsters. [potion of mutation]
 98170 | Depths:3 | Gained mutation: You tend to lose your temper in combat.
                  | [potion of mutation]
 98170 | Depths:3 | Gained mutation: You are sometimes teleported next to
                  | monsters. [potion of mutation]
 98170 | Depths:3 | Lost mutation: You tend to lose your temper in combat.
                  | [potion of mutation]
 98170 | Depths:3 | Gained mutation: You are covered in fur. (AC +1) [potion of
                  | mutation]
 98171 | Depths:3 | Lost mutation: Your body sometimes deteriorates upon taking
                  | damage. [potion of mutation]
 98171 | Depths:3 | Lost mutation: Your system is resistant to poisons. (rPois)
                  | [potion of mutation]
 98171 | Depths:3 | Gained mutation: Scrolls take you a little longer to read.
                  | [potion of mutation]
 98171 | Depths:3 | Lost mutation: Scrolls take you a little longer to read.
                  | [potion of mutation]
 98171 | Depths:3 | Gained mutation: You have a pair of small antennae on your
                  | head. [potion of mutation]
 98172 | Depths:3 | Lost mutation: You have a pair of small antennae on your
                  | head. [potion of mutation]
 98172 | Depths:3 | Lost mutation: You are covered in fur. (AC +1) [potion of
                  | mutation]
 98172 | Depths:3 | Lost mutation: You are frail. (-10% HP) [potion of
                  | mutation]
 98172 | Depths:3 | Gained mutation: Your system is resistant to poisons.
                  | (rPois) [potion of mutation]
 98172 | Depths:3 | Gained mutation: You are agile. (Dex +2) [potion of
                  | mutation]
 98172 | Depths:3 | Gained mutation: Your flesh is heat resistant. (rF+)
                  | [potion of mutation]
 98287 | Coc:1    | Entered Level 1 of Cocytus
 98308 | Coc:2    | You fall through a shaft for 2 floors!
 98367 | Coc:5    | You fall through a shaft!
 98372 | Coc:7    | Entered Level 7 of Cocytus
 98584 | Coc:7    | Reached skill level 10 in Evocations
 98589 | Coc:7    | Noticed Antaeus
 98812 | Coc:7    | Killed Antaeus
 98858 | Coc:7    | Got a translucent pewter ring
 98859 | Coc:7    | Identified the ring of Rowokyng {Wiz MR+ Str+4} (You found
                  | it on level 7 of Cocytus)
 98865 | Coc:7    | Identified the cursed +0 chain mail of Jigsaw {MR+ rCorr
                  | MP-9 Dex+9} (You found it on level 7 of Cocytus)
 98872 | Coc:7    | Got an icy rune of Zot
 99003 | Dis:1    | Entered Level 1 of the Iron City of Dis
 99019 | Dis:1    | Lost mutation: You are agile. (Dex +2) [a cacodemon]
100360 | Dis:7    | Entered Level 7 of the Iron City of Dis
100754 | Dis:7    | Noticed Dispater
100766 | Dis:7    | Killed Dispater
100779 | Dis:7    | Got an iron rune of Zot
101163 | Tar:1    | Entered Level 1 of Tartarus
102522 | Tar:7    | Entered Level 7 of Tartarus
102901 | Tar:7    | Reached skill level 15 in Air Magic
103231 | Tar:7    | Got a brightly glowing emerald amulet
103232 | Tar:7    | Identified the amulet "Vusashar" {Inacc Int+2} (You found
                  | it on level 7 of Tartarus)
103240 | Tar:7    | Identified the +0 leather armour of a wizard's laboratory
                  | {rElec rF- Str+4} (You found it on level 7 of Tartarus)
103247 | Tar:7    | Got a scorched whip
103248 | Tar:7    | Identified the +3 whip of Action {drain, rElec rPois} (You
                  | found it on level 7 of Tartarus)
103413 | Tar:7    | Noticed Ereshkigal
103415 | Tar:7    | Reached skill level 10 in Fighting
103430 | Tar:7    | Reached skill level 10 in Staves
104021 | Tar:7    | Identified the ring of Haojyhur {rCorr +Inv rN+ MR+ Dex-2}
                  | (You found it on level 7 of Tartarus)
104299 | Tar:7    | Killed Ereshkigal
104319 | Tar:7    | Got a bone rune of Zot
104921 | Tar:7    | Reached skill level 15 in Evocations
104989 | Tar:7    | Got a pair of polished boots
105000 | Tar:7    | Identified the cursed +0 pair of boots "Athebuhoo" {*Slow
                  | rPois rF+ Str+4} (You found it on level 7 of Tartarus)
105055 | Tar:7    | Identified the ring of Ocelodd {*Drain rC+ rN+ MR+++ Str+2}
                  | (You found it on level 7 of Tartarus)
105093 | Tar:7    | Identified the Volume of Enhancements and Flight
105976 | Zot:5    | Entered Level 5 of the Realm of Zot
106444 | Zot:5    | Paralysed by the power of Zot for 4 turns
106512 | Zot:5    | Noticed an ancient lich
106517 | Zot:5    | Killed an ancient lich
106537 | Zot:5    | Noticed an orb of fire
106539 | Zot:5    | Gained mutation: You occasionally shout uncontrollably at
                  | your foes. [an orb of fire]
106544 | Zot:5    | Killed an orb of fire
106682 | Zot:5    | Noticed an ancient lich
106686 | Zot:5    | Killed an ancient lich
106820 | Zot:5    | Noticed an orb of fire
106821 | Zot:5    | Gained mutation: You tend to lose your temper in combat.
                  | [an orb of fire]
106824 | Zot:5    | Gained mutation: You sometimes yell uncontrollably at your
                  | foes. [an orb of fire]
106825 | Zot:5    | Killed an orb of fire
106887 | Zot:5    | Got the Orb of Zot
106888 | Zot:5    | Noticed an orb of fire
106888 | Zot:5    | Noticed an orb of fire
106889 | Zot:5    | Gained mutation: You are mostly covered in molten scales.
                  | (AC +3) [an orb of fire]
106891 | Zot:5    | Gained mutation: Your spells are a little easier to cast,
                  | but a little less powerful. [an orb of fire]
106893 | Zot:5    | Killed an orb of fire
106894 | Zot:5    | Gained mutation: Your spells are easier to cast, but less
                  | powerful. [an orb of fire]
106897 | Zot:5    | Gained mutation: You are clumsy. (Dex -2) [an orb of fire]
106899 | Zot:5    | Killed an orb of fire
106930 | Zot:5    | Noticed an ancient lich
106934 | Zot:5    | Killed an ancient lich
106938 | Zot:5    | Noticed Lupalug the pandemonium lord
106948 | Zot:5    | Killed Lupalug the pandemonium lord
107595 | D:1      | Noticed Jodam the pandemonium lord
107600 | D:1      | Killed Jodam the pandemonium lord
107633 | D:$      | Escaped with the Orb!

Skill      XL: |  1  2  3  4  5  6  7  8  9 10 11 12 13 14 15 16 17 18 19 20 21 22 23 24 25 26 27 |
---------------+----------------------------------------------------------------------------------+-----
Conjurations   | 5 6 7 8 9 11 13 14 16 17 18 19 20 21 22 23 24 25 26 27 | 27.0
Dodging        | 3 4 6 7 8 9 10 11 12 17 | 17.2
Stealth        | 3 5 7 8 9 10 11 12 13 | 13.4
Spellcasting   | 4 5 6 8 9 10 11 12 13 15 16 17 18 19 20 21 22 23 24 25 26 27 | 27.0
Staves         | 1 3 4 5 12 | 12.0
Hexes          | 4 5 7 8 9 10 12 | 12.7
Fighting       | 2 3 4 5 12 | 12.2
Charms         | 4 5 6 7 8 9 10 12 13 14 18 | 18.2
Translocations | 3 4 5 6 7 8 9 10 11 12 13 16 | 16.8
Fire Magic     | 3 5 6 7 8 9 10 11 24 | 24.6
Evocations     | 3 4 5 16 | 16.4
Ice Magic      | 1 2 3 4 6 7 8 10 22 | 22.8
Long Blades    | 2 4 5 6 7 8 |  8.6
Necromancy     | 4 5 6 7 8 9 19 | 19.1
Poison Magic   | 1 2 4 5 6 7 8 9 11 | 11.6
Shields        | 1 3 4 5 6 7 9 18 | 18.8
Armour         | 1 2 3 4 6 |  6.5
Air Magic      | 1 2 3 4 5 7 8 9 10 11 16 | 16.9
Transmutations | 2 3 5 9 |  9.2
Earth Magic    | 4 6 7 19 | 19.4
Summonings     | 7 |  7.7

Action                   |  1- 3 |  4- 6 |  7- 9 | 10-12 | 13-15 | 16-18 | 19-21 | 22-24 | 25-27 || total
-------------------------+-------+-------+-------+-------+-------+-------+-------+-------+-------++-------
Melee: Unarmed           |     1 |       |       |       |       |       |       |       |       ||     1
       Quarterstaff      |       |       |    15 |    67 |       |       |       |       |       ||    82
       Falchion          |       |       |       |       |   342 |   197 |   228 |   254 |    35 ||  1056
       Staff             |       |       |       |       |       |       |       |       |   704 ||   704
 Cast: Magic Dart        |    53 |    53 |    67 |    64 |    26 |     1 |       |       |       ||   264
       Searing Ray       |     3 |    14 |    35 |    55 |    17 |     1 |       |       |       ||   125
       Iskenderun's Myst |       |     7 |    10 |    39 |   197 |   112 |    84 |    80 |    10 ||   539
       Dazzling Spray    |       |       |    13 |    71 |    99 |    64 |    10 |       |       ||   257
       Flame Tongue      |       |       |    12 |    29 |    19 |     4 |     2 |       |       ||    66
       Force Lance       |       |       |     8 |   128 |   163 |   150 |   187 |   271 |   451 ||  1358
       Inner Flame       |       |       |       |    16 |     8 |     6 |     5 |       |       ||    35
       Throw Icicle      |       |       |       |    10 |    20 |     9 |     4 |       |       ||    43
       Throw Flame       |       |       |       |    39 |    14 |    10 |     3 |       |       ||    66
       Fulminant Prism   |       |       |       |    17 |    75 |    30 |    18 |    26 |     9 ||   175
       Regeneration      |       |       |       |       |    26 |    26 |    32 |    67 |   265 ||   416
       Poison Arrow      |       |       |       |       |    19 |    51 |   145 |   102 |   239 ||   556
       Shroud of Golubri |       |       |       |       |    10 |    35 |    31 |    50 |    19 ||   145
       Fireball          |       |       |       |       |    53 |   232 |    78 |   185 |   114 ||   662
       Freezing Cloud    |       |       |       |       |       |    51 |   124 |   123 |   277 ||   575
       Blink             |       |       |       |       |       |       |     7 |    26 |    63 ||    96
       Lightning Bolt    |       |       |       |       |       |       |    42 |    74 |   106 ||   222
       Sublimation of Bl |       |       |       |       |       |       |     8 |    44 |   292 ||   344
       Irradiate         |       |       |       |       |       |       |     7 |    28 |   106 ||   141
       Yara's Violent Un |       |       |       |       |       |       |     2 |    25 |    70 ||    97
       Cause Fear        |       |       |       |       |       |       |     2 |     2 |       ||     4
       Deflect Missiles  |       |       |       |       |       |       |       |     2 |    14 ||    16
       Lehudib's Crystal |       |       |       |       |       |       |       |       |   846 ||   846
       Fire Storm        |       |       |       |       |       |       |       |       |   185 ||   185
       Glaciate          |       |       |       |       |       |       |       |       |   517 ||   517
       Ignition          |       |       |       |       |       |       |       |       |   209 ||   209
       Chain Lightning   |       |       |       |       |       |       |       |       |    63 ||    63
       Aura of Abjuratio |       |       |       |       |       |       |       |       |    27 ||    27
 Abil: Evoke Blink       |       |       |       |       |     2 |     5 |       |       |       ||     7
Evoke: Wand              |       |       |       |    13 |       |    25 |     1 |     9 |    64 ||   112
       Crystal ball of e |       |       |       |       |       |       |       |       |    76 ||    76
  Use: Potion            |     2 |       |     1 |    14 |     3 |     2 |     1 |     5 |    64 ||    92
       Scroll            |       |       |    14 |    12 |    14 |    21 |    18 |    20 |    83 ||   182
 Stab: Sleeping          |       |       |     2 |     1 |    12 |     5 |    29 |     9 |    26 ||    84
       Invisible         |       |       |       |     2 |     5 |    10 |     2 |       |       ||    19
       Distracted        |       |       |       |       |     1 |       |     2 |     1 |     3 ||     7
       Paralysed         |       |       |       |       |       |       |       |       |    33 ||    33
  Eat: Chunk             |     2 |     9 |    11 |    14 |    40 |    31 |    32 |    15 |    31 ||   185
       Ration            |       |       |       |     5 |     3 |     2 |     1 |     8 |    35 ||    54
Armor: Skin              |    12 |       |       |       |       |       |       |       |       ||    12
       Robe              |     8 |     2 |    19 |    34 |    99 |    13 |       |       |       ||   175
       Steam dragon scal |       |       |       |       |    30 |       |       |       |       ||    30
       Troll leather arm |       |       |       |       |     6 |   152 |    70 |   106 |   487 ||   821
Dodge: Dodged            |    25 |    12 |    60 |   172 |   542 |   385 |   154 |   205 |   804 ||  2359
       Deflected         |       |       |       |       |       |       |       |    55 |   184 ||   239
Block: Other             |       |       |       |    10 |    56 |       |       |       |       ||    66
       Reflection        |       |       |       |       |     6 |    25 |    53 |    68 |    63 ||   215
       Buckler           |       |       |       |       |    11 |   121 |    18 |       |       ||   150
       Large shield      |       |       |       |       |       |    17 |   212 |   414 |  1693 ||  2336
       Rpst.: Falchion   |       |       |       |       |   151 |    72 |    28 |    33 |    12 ||   296
